 Dungeon Crawl Stone Soup version 0.31-a0-846-gb3bcc0d938 (webtiles) character file.

Game seed: 8630220333706284778

684 rageheart7 the Thaumaturge (level 7, -6/36 HPs)
             Began as a Deep Elf Conjurer on Oct 3, 2023.
             Shot with an arrow by a centaur (15 damage)
             ... on level 5 of the Dungeon.
             The game lasted 00:11:39 (4174 turns).

rageheart7 the Thaumaturge (Deep Elf Conjurer)      Turns: 4174, Time: 00:11:40

Health: -6/36      AC:  8    Str:  4    XL:     7   Next: 35%
Magic:  22/29      EV: 11    Int: 25    God:
Gold:   206        SH:  0    Dex: 13    Spells: 12/22 levels left

rFire   . . .        n - staff of air
rCold   . . .        (no shield)
rNeg    . . .        u - +0 leather armour {rPois}
rPois   +            (no helmet)
rElec   +            (no cloak)
rCorr   .            (no gloves)
SInv    .            (no boots)
Will    .....        d - amulet of magic regeneration
Stlth   ++           q - ring of magical power
HPRegen 0.26/turn    (no ring)
MPRegen 0.61/turn

%: no passive effects
@: ice-armoured
A: no striking features
a: no special abilities


You were on level 5 of the Dungeon.
You visited 1 branch of the dungeon, and saw 5 of its levels.

You collected 206 gold pieces.

Inventory:

Armour
 a - a +1 robe
 u - a +0 leather armour of poison resistance (worn)
Magical Staves
 n - a staff of air (weapon)
Jewellery
 d - an amulet of magic regeneration (around neck)
 q - a ring of magical power (left hand)
Talismans
 t - a storm talisman
Wands
 o - a wand of flame (2)
Scrolls
 e - 2 scrolls of enchant weapon
 i - 3 scrolls of enchant armour
 k - 5 scrolls of teleportation
Potions
 b - a potion of magic
 c - 2 potions of resistance
 f - 3 potions of curing
 g - 2 potions of berserk rage
 h - a potion of lignification {unknown}
 j - a potion of cancellation {unknown}
 l - a potion of degeneration {unknown}
 m - 2 potions of enlightenment {unknown}
 r - 2 potions of heal wounds {unknown}
 s - a potion of might {unknown}


   Skills:
 - Level 2.4 Dodging
 - Level 2.4 Stealth
 * Level 8.1 Spellcasting
 + Level 6.7 Conjurations
 + Level 3.2 Ice Magic


You had 12 spell levels left.
You knew the following spells:

 Your Spells              Type           Power      Damage    Failure   Level
a - Magic Dart            Conj           100%       1d8       1%          1
b - Searing Ray           Conj           88%        2d7       1%          2
c - Ozocubu's Armour      Ice            26%        N/A       9%          3
d - Iskenderun's Mystic   Conj/Tloc      27%        2d7       26%         4

Your spell library contained the following spells:

 Spells                   Type           Power      Damage    Failure   Level
 Dazzling Flash           Conj/Hex       54%        N/A       8%          3
 Fulminant Prism          Conj/Hex       13%        3d9       26%         4
 Ozocubu's Refrigeration  Ice            13%        4d10      100%        7


Dungeon Overview and Level Annotations

Branches:
Dungeon (5/15)
 Temple: D:4-7

Altars:
Ashenzari
Zin


Message History

You kill the orc!
Your icy armour cracks and falls away as you move.
Found a club.
Things that are here:
a +0 falchion; a +0 ring mail A centaur comes into view.
The centaur shouts!
The centaur wields a +0 shortbow.
The centaur shoots an arrow.
The arrow barely misses you.
The centaur shoots an arrow.
The arrow closely misses you.
The centaur shoots an arrow.
The arrow hits you!
Casting: Magic Dart (safe; 1% risk of failure)
Confirm with . or Enter, or press ? or * to list all spells.
Aiming: Magic Dart (safe; 1% risk of failure)
Press: ? - help, Shift-Dir - straight line, f - centaur
Aim: a centaur, wielding a +0 shortbow (100% to hit)
The magic dart hits the centaur.
The centaur is lightly wounded.
The centaur shoots an arrow.
The arrow hits you.
Casting: Magic Dart (safe; 1% risk of failure)
Confirm with . or Enter, or press ? or * to list all spells.
Aiming: Magic Dart (safe; 1% risk of failure)
Press: ? - help, Shift-Dir - straight line, f/p - centaur
Aim: a centaur, wielding a +0 shortbow (lightly wounded, 100% to hit)
The magic dart hits the centaur but does no damage.
The centaur is lightly wounded.
The centaur shoots an arrow.
The arrow hits you.
Casting: Magic Dart (safe; 1% risk of failure)
Confirm with . or Enter, or press ? or * to list all spells.
Aiming: Magic Dart (safe; 1% risk of failure)
Press: ? - help, Shift-Dir - straight line, f/p - centaur
Aim: a centaur, wielding a +0 shortbow (lightly wounded, 100% to hit)
Okay, then.
Casting: Magic Dart (safe; 1% risk of failure)
Confirm with . or Enter, or press ? or * to list all spells.
A film of ice covers your body!
The centaur shoots an arrow.
The arrow hits you!
* * * LOW HITPOINT WARNING * * *
You feel better.
The centaur shoots an arrow.
The arrow hits you!
You die...

...........##..
................
....$.............
...c..............
..................
.................#
#............#...
#.....@..........
#............#...
..........<)......
....)....#))......
.........#........
............).....
....^.............
...........#...#..
..........#...# .


You could see a centaur.

Vanquished Creatures
  An orc warrior (D:4)
  2 scorpions (D:4)
  3 hounds (D:4)
  2 orc priests (D:4)
  Jessica (D:2)
  3 orc wizards
  8 adders
  3 gnolls (D:4)
  An ufetubus (D:3)
  3 worms
  15 orcs
  6 bats
  6 endoplasms
  5 giant cockroaches
  9 goblins
  10 hobgoblins
  8 jackals
  2 quokkas (D:2)
  7 ball pythons
  2 frilled lizards (D:1)
  8 kobolds
  3 rats
108 creatures vanquished.

Notes
Turn   | Place    | Note
-------+----------+-------------------------------------------
     0 | D:1      | rageheart7 the Deep Elf Conjurer began the quest for the
                  | Orb.
     0 | D:1      | Reached XP level 1. HP: 10/10 MP: 6/6
   283 | D:1      | Reached XP level 2. HP: 15/15 MP: 2/8
   286 | D:1      | Learned a level 2 spell: Searing Ray
   844 | D:1      | Found a faded altar of an unknown god.
  1174 | D:1      | Reached skill level 4 in Spellcasting
  1377 | D:2      | Noticed Jessica
  1384 | D:2      | Killed Jessica
  1385 | D:2      | Reached skill level 5 in Conjurations
  1385 | D:2      | Reached XP level 3. HP: 19/19 MP: 2/10
  1589 | D:2      | Reached XP level 4. HP: 20/24 MP: 8/12
  1753 | D:2      | Reached skill level 5 in Spellcasting
  2229 | D:2      | Learned a level 3 spell: Ozocubu's Armour
  2234 | D:2      | Learned a level 4 spell: Iskenderun's Mystic Blast
  2306 | D:3      | Reached XP level 5. HP: 28/28 MP: 5/15
  2397 | D:3      | Reached skill level 1 in Ice Magic
  2416 | D:3      | Found a large runed translucent door.
  2417 | D:3      | Found a large runed translucent door.
  2954 | D:3      | Found a glowing silver altar of Zin.
  2957 | D:3      | Found a broken altar of Ashenzari.
  3067 | D:4      | Reached skill level 6 in Spellcasting
  3119 | D:4      | Reached XP level 6. HP: 32/32 MP: 11/17
  3358 | D:4      | Noticed an orc warrior
  3378 | D:4      | Killed an orc warrior
  3379 | D:4      | Reached skill level 7 in Spellcasting
  3717 | D:4      | Reached XP level 7. HP: 36/36 MP: 17/19
  4114 | D:4      | Reached skill level 8 in Spellcasting
  4155 | D:5      | Entered Level 5 of the Dungeon
  4174 | D:5      | Shot with an arrow by a centaur

Illustrated notes

Levels and vault maps discovered:
D:1:      saegor_arrival_fortress, layout_basic,
          shapermc_ecumenical_altar_mp_highgroup, chequers_serial_rivers_large_b
D:2:      layout_basic, minmay_tall_x, uniq_jessica
D:3:      layout_rooms, jmf_multi_god_temple2
D:4:      minmay_spotlight, layout_basic, serial_glass, glass_columns_c,
          glass_columns_a, item_on_display_a, item_on_display_a,
          guppyfry_early_orc_mine
D:5:      layout_basic, nzn_hepliaklqana_mist_gate,
          cheibrodos_sewer_entry_drain, kennysheep_generic_room_9,
          uniq_blork_the_orc

Skill      XL: |  1  2  3  4  5  6  7 |
---------------+----------------------+-----
Spellcasting   | 4 5 6 7 8 |  8.1
Conjurations   | 5 6 |  6.7
Ice Magic      | 1 2 3 |  3.2
Dodging        | |  2.4
Stealth        | |  2.4

Action                     |  1- 3 |  4- 6 |  7- 9 || total
---------------------------+-------+-------+-------++-------
  Melee: Whip              |     3 |       |       ||     3
         Rapier            |       |     4 |       ||     4
         Dagger            |       |     8 |       ||     8
         Staff             |       |       |     4 ||     4
   Cast: Magic Dart        |    58 |   101 |    21 ||   180
         Searing Ray       |     2 |    12 |     5 ||    19
         Ozocubu's Armour  |       |     1 |     2 ||     3
    Use: Scroll            |       |     8 |     1 ||     9
         Potion            |       |     2 |     1 ||     3
   Stab: Sleeping          |       |     1 |       ||     1
 Armour: Robe              |     4 |    15 |     3 ||    22
         Leather armour    |       |       |    16 ||    16
  Dodge: Dodged            |     8 |    20 |    16 ||    44

Table legend: (Time is in decaauts)
 A = Elapsed time spent in this place.
 B = Non-inter-level travel time spent in this place.
 C = Inter-level travel time spent in this place.
 D = Time resting spent in this place.
 E = Time spent auto-exploring this place.
 F = Levels seen in this place.
 G = Mean time per level.
                   A        B        C        D        E       F      G
               +--------+--------+--------+--------+--------+-----+--------+
         Total |   4201 |   4102 |     99 |      0 |   3549 |   5 |  840.2 |
       Dungeon |   4201 |   4102 |     99 |      0 |   3549 |   5 |  840.2 |
               +--------+--------+--------+--------+--------+-----+--------+

Top non-repeatable levels by time:
     D:1: 1357 daAuts
     D:4: 1180 daAuts
     D:2: 925 daAuts
     D:3: 719 daAuts
     D:5: 18 daAuts
